 Dungeon Crawl Stone Soup version 0.30.0-3-ga4e48a9924 (webtiles) character file.

Game seed: 4970740566050294188

152930 browni3141 the Marksmeteoran (level 18, -6/154 HPs)
             Began as a Meteoran Hexslinger on May 7, 2023.
             Was the Champion of Okawaru.
             Killed from afar by a will-o-the-wisp (24 damage)
             ... with a foxfire
             ... on level 4 of the Swamp on May 8, 2023.
             The game lasted 02:32:59 (13208 turns).

browni3141 the Marksmeteoran (Meteoran Hexslinger) Turns: 13208, Time: 02:33:00

Health: -6/154     AC:  6    Str: 18    XL:     18   Next: 53%
Magic:  16/31      EV: 27    Int: 16    God:    Okawaru [******]
Gold:   3709       SH:  0    Dex: 28    Spells: 4/33 levels left

rFire   . . .        V - +9 triple crossbow of Extermination {drain, *Corrode rElec Will+ SInv}
rCold   . . .        (shield currently unavailable)
rNeg    . . .        j - +0 steam dragon scales of Brilliance {Regen+ Str+5}
rPois   +            c - +0 helmet
rElec   +            w - +2 cloak
rCorr   .            R - -1 pair of gloves of Pill {rPois}
SInv    +            (no boots)
Will    +++..        v - amulet of the acrobat
Stlth   +            I - +6 ring of dexterity
HPRegen 1.25/turn    G - ring of flight
MPRegen 0.22/turn

%: corrode self (3%), acrobat
@: corroded, flying, glowing
A: sense surroundings 3, otherworldly, glowing, explore regen
}: 1/15 runes: gossamer
a: Renounce Religion, Heroism, Finesse, Duel


You were on level 4 of the Swamp.
You worshipped Okawaru.
Okawaru was exalted by your worship.
You visited 5 branches of the dungeon, and saw 26 of its levels.
You also visited: Sewer and Bailey.

You collected 4451 gold pieces.
You spent 742 gold pieces at shops.

Inventory:

Hand Weapons
 b - a +2 longbow of freezing
 V - the +9 triple crossbow of Extermination (weapon) {drain, *Corrode rElec Will+ SInv}
   (Okawaru gifted it to you on level 4 of the Lair of Beasts)

   rElec:     It insulates you from electricity.
   SInv:      It lets you see invisible.
   *Corrode:  It may corrode you when you take damage.
   Will:      It increases your willpower.
Missiles
 J - 16 curare-tipped darts
 X - 8 datura-tipped darts
 Z - 2 throwing nets
Armour
 c - a +0 helmet (worn)
 j - the +0 steam dragon scales of Brilliance (worn) {Regen+ Str+5}
   (Okawaru gifted it to you on level 3 of the Spider Nest)

   Str:       It affects your strength (+5).
   Regen:     It increases your rate of health regeneration.
 o - a +1 pair of boots of stealth
 w - a +2 cloak (worn)
 R - the -1 pair of gloves of Pill (worn) {rPois}
   (You found it on level 1 of the Spider Nest)

   rPois:     It protects you from poison.
Jewellery
 i - a ring of protection from fire
 k - a ring of resist corrosion
 m - a +6 ring of dexterity
 v - an amulet of the acrobat (around neck)
 G - a ring of flight (right hand)
 I - a +6 ring of dexterity (left hand)
 Q - a ring of willpower
 T - a ring of wizardry
 Y - an amulet of guardian spirit
Wands
 a - a wand of digging (2)
 p - a wand of polymorph (14)
 s - a wand of mindburst (19)
 y - a wand of roots (8)
 S - a wand of light (8)
Scrolls
 e - 3 scrolls of magic mapping
 g - 6 scrolls of blinking
 l - a scroll of brand weapon
 n - 6 scrolls of amnesia
 u - a scroll of silence
 x - 3 scrolls of torment {unknown}
 z - 2 scrolls of vulnerability
 B - 5 scrolls of enchant weapon
 D - 5 scrolls of immolation
 F - 2 scrolls of fog
 K - 5 scrolls of poison
 O - 3 scrolls of fear
 P - a scroll of teleportation
 U - 7 scrolls of enchant armour
Potions
 d - 6 potions of ambrosia
 f - 3 potions of cancellation {unknown}
 h - 2 potions of brilliance {unknown}
 q - a potion of berserk rage {unknown}
 r - a potion of magic {unknown}
 t - 2 potions of resistance {unknown}
 A - 4 potions of flight
 C - 14 potions of curing
 E - 3 potions of haste {unknown}
 H - 4 potions of heal wounds
 L - 3 potions of lignification
 M - 8 potions of might
 N - 5 potions of attraction
 W - 7 potions of mutation


   Skills:
 - Level 12.0 Fighting
 * Level 18.5 Ranged Weapons
 - Level 2.0 Throwing
 - Level 5.0 Armour
 * Level 14.5 Dodging
 - Level 8.0 Spellcasting
 - Level 10.0 Hexes
 - Level 16.0 Translocations
 - Level 3.0 Transmutations
 - Level 3.0 Fire Magic
 - Level 3.0 Earth Magic
 * Level 11.6 Invocations
 - Level 5.0 Evocations


You had 4 spell levels left.
You knew the following spells:

 Your Spells              Type           Power      Damage    Failure   Level
a - Cause Fear            Hex            19%        N/A       1%          4
b - Passage of Golubria   Tloc           55%        N/A       1%          4
c - Dispersal             Tloc           27%        N/A       2%          6
i - Inner Flame           Hex/Fire       27%        N/A       2%          3
p - Portal Projectile     Hex/Tloc       96%        N/A       1%          3
t - Teleport Other        Tloc           55%        N/A       1%          3
A - Apportation           Tloc           100%       N/A       0%          1
B - Blink                 Tloc           100%       N/A       1%          2
P - Passwall              Tmut/Erth      13%        N/A       4%          2
S - Slow                  Hex            100%       N/A       1%          1

Your spell library contained the following spells:

 Spells                   Type           Power      Damage    Failure   Level
 Gell's Gravitas          Tloc           55%        N/A       1%          3
 Manifold Assault         Tloc           55%        N/A       1%          4
 Ensorcelled Hibernation  Hex/Ice        44%        N/A       2%          2
 Sandblast                Erth           32%        2d9       3%          1
 Leda's Liquefaction      Hex/Erth       13%        N/A       8%          4
 Freeze                   Ice            24%        1d4       11%         1
 Necrotise                Necr           24%        1d5       11%         1
 Static Discharge         Conj/Air       12%        2-3/arc   17%         2
 Frozen Ramparts          Ice            12%        1d2       32%         3
 Hailstorm                Conj/Ice       6%         3d4       32%         3
 Swiftness                Air            6%         N/A       32%         3
 Ice Form                 Ice/Tmut       11%        N/A       52%         4
 Airstrike                Air            3%         2d(1-17)  73%         4
 Silence                  Hex/Air        11%        N/A       36%         5
 Borgnjor's Vile Clutch   Necr/Erth      5%         N/A       86%         5
 Statue Form              Tmut/Erth      10%        N/A       99%         6
 Storm Form               Tmut/Air       5%         N/A       100%        7
 Lehudib's Crystal Spear  Conj/Erth      5%         10d3      100%        8
 Summon Small Mammal      Summ           Unusable   N/A       N/A         1
 Simulacrum               Ice/Necr       Unusable   N/A       N/A         6

Dungeon Overview and Level Annotations

Branches:
Dungeon (12/15) Zot: 612   Temple (1/1) D:6 Zot: 496    Lair (5/5) D:11 Zot: 106
  Swamp (4/4) Lair:2 Zot: 1365  Spider (4/4) Lair:3 Zot: 2   Slime (0/5) Lair:4
    Orc (0/2) D:9           Sewer (visited)          Bailey (visited)

Altars:
Ashenzari
Dithmenos
Fedhas
Gozag
Hepliaklqana
Kikubaaqudgha
Makhleb
Nemelex Xobeh
Okawaru
Qazlal
Ru
Sif Muna
Trog
Uskayaw
Vehumet
Wu Jian
Xom
Yredelemnul
Zin
The Shining One
Jiyva

Shops:
D:5 *(*[?

Annotations:
D:5 1 runed translucent door, Crazy Yiuf
D:8 Gastronok
D:10 3 runed translucent doors, pdpol's ghost, journeyman MiFi
Lair:1 Zusoliwk's ghost, journeyman CeHu
Spider:2 2 transporters, Unned's ghost, journeyman GrFi


Innate Abilities, Weirdness & Mutations

You passively map a large area around you.
You are easily found by Zot.
You glow in the dark.
You regain HP and MP as you explore.


Message History

The swamp worm fires a harpoon shot at you.
The harpoon shot misses you.
The spriggan druid hits you with a +0 quarterstaff!
Unknown command.
You shoot a bolt.
The bolt barely misses the spriggan druid.
The bolt closely misses the goliath frog.
The spriggan druid completely misses you.
The swamp worm fires a harpoon shot at you.
The harpoon shot misses you. The goliath frog hits you from afar.
The acid corrodes you!
You are splashed with acid!
Casting: Dispersal (dangerous; 2% risk of failure)
Confirm with . or Enter, or press ? or * to list all spells.
Casting: Dispersal (dangerous; 2% risk of failure)
Press: ? - help, Dir - look around, f - activate You miscast Dispersal.
You are very lightly contaminated with residual magic.
Nothing appears to happen.
The spriggan druid calls out to the beasts of the wild!
A swamp dragon comes into view.
The six-headed hydra bites you!
The six-headed hydra completely misses you.
The six-headed hydra bites you. The six-headed hydra bites you!
The six-headed hydra completely misses you. x2
The goliath frog closely misses you.
Unknown command.
Casting: Dispersal (dangerous; 2% risk of failure)
Confirm with . or Enter, or press ? or * to list all spells.
Casting: Dispersal (dangerous; 2% risk of failure)
Press: ? - help, Dir - look around, f - activate The six-headed hydra blinks!
The spriggan druid blinks!
The spriggan druid appears confused.
The goliath frog blinks!
The six-headed hydra disappears!
The swamp dragon breathes poison at you.
A seven-headed hydra comes into view.
Unknown command.
As you read the scroll of teleportation, it crumbles to dust.
You feel strangely unstable.
The swamp worm fires a harpoon shot at you.
The harpoon shot misses you.
The spriggan druid gestures at you while chanting.
The stone arrow hits you!!
Unknown command.
You are too injured to fight recklessly!
The goliath frog seems less confused.
The swamp worm fires a harpoon shot at you.
The harpoon shot misses you.
The spriggan druid points at you and mumbles some strange words.
The stone arrow misses you.
The swamp worm fires a harpoon shot at you.
The harpoon shot misses you.
Unknown command.
The swamp worm fires a harpoon shot at you.
The harpoon shot misses you.
The swamp dragon completely misses you. x2
The swamp dragon misses you.
The goliath frog is engulfed in poison gas.
The goliath frog is poisoned.
Unknown command.
The swamp worm attacks as you move away!
The swamp worm completely misses you.
The six-headed hydra attacks as you move away!
The six-headed hydra completely misses you.
The six-headed hydra closely misses you.
The six-headed hydra completely misses you.
The six-headed hydra bites you! x2
The six-headed hydra completely misses you.
Your surroundings suddenly seem different.
A will-o-the-wisp and a ghoul come into view.
The will-o-the-wisp gives a chilling moan.
The will-o-the-wisp completely misses you.
Unknown command.
A ghoul and a necrophage come into view.
Unknown command.
You shoot a bolt.
The bolt barely misses the will-o-the-wisp.
The will-o-the-wisp gestures.
The will-o-the-wisp conjures some foxfire!
The will-o-the-wisp engulfs you!
Your corrosive artefact corrodes you!
The ghoul completely misses you. x2 2 foxfires come into view.
You shoot a bolt. The bolt hits the ghoul.
The ghoul is lightly damaged.
The foxfire hits you!! x2
* * * LOW HITPOINT WARNING * * *
The ghoul completely misses you. The ghoul misses you.
The will-o-the-wisp gestures.
The will-o-the-wisp conjures some foxfire!
Your magical contamination has completely faded away. 2 foxfires come into view.
Unknown command.
Casting: Dispersal (dangerous; 2% risk of failure)
Confirm with . or Enter, or press ? or * to list all spells.
Casting: Dispersal (dangerous; 2% risk of failure)
Press: ? - help, Dir - look around, f - activate The will-o-the-wisp blinks!
The foxfire blinks!
The ghoul blinks!
The ghoul appears confused.
The ghoul blinks! x2; The ghoul appears confused.
The foxfire blinks!
The foxfire hits you!!
* * * LOW HITPOINT WARNING * * *
The foxfire hits you!!
You die...

* ~,, ~ ~
♣.~..~♣. ~
♣♣nv~.~.♣,*
,~ , ~
~~.~..~ * ~
, ~~
♣♣♣§.§~.
~~, ~
♣♣...§.n ,,
~,
♣~~..§~♣**
~
♣~~§§v~♣♣,,
,,
♣§♣§@§§♣♣ ,
♣~n~§§.♣ ,,
♣♣.♣♣~♣♣* ~
, , ♣♣ *♣♣
* , ~ ~ * *
~ , ~, * ~~
, ** , ,
~,~


You could see 2 ghouls, a will-o-the-wisp and a necrophage.

Vanquished Creatures
  Mara (Spider:3)
  Arachne (Spider:3)
  A tentacled monstrosity (Swamp:2)
  Kirke (Spider:3)
  Agnes (Spider:4)
  Donald (Spider:3)
  Roxanne (Swamp:1)
  An emperor scorpion (Spider:4)
  5 ghost moths (Spider:4)
  A broodmother (Spider:4)
  A dire elephant (Lair:5)
  3 eleionomae
  2 spark wasps
  A bunyip (Swamp:1)
  A shambling mangrove (Swamp:1)
  A fire dragon (Lair:5)
  Josephine (Lair:3)
  2 entropy weavers
  7 hydras
  5 catoblepae
  A jorogumo (Spider:4)
  8 alligators
  A ghost crab (Swamp:2)
  4 boulder beetles
  A two-headed ogre (D:10)
  15 death yaks
  Nergalle (Lair:3)
  2 sun moths
  7 goliath frogs
  2 skysharks
  A fire crab (Lair:4)
  3 spriggan druids
  3 pharaoh ants
  5 orb spiders
  6 swamp dragons
  7 bog bodies
  A lindwurm (Lair:5)
  3 steelbarb worms
  An ugly thing (D:11)
  20 wolf spiders
  A cyclops (D:11)
  3 oklob plants (D:11)
  4 will-o-the-wisps
  5 manticores
  4 moths of wrath
  7 elephants (Lair:4)
  6 black mambas
  Maurice (D:9)
  6 demonic crawlers
  5 cane toads
  3 torpor snails
  4 rime drakes (Lair:5)
  7 komodo dragons
  9 meliai
  A polar bear (Lair:3)
  2 tyrant leeches
  2 bloated husks
  7 hornets
  24 tarantellas
  3 trolls
  Grinder (D:4)
  Prince Ribbit (Lair:1)
  23 blink frogs
  A dream sheep (Lair:5)
  27 jumping spiders
  A vampire (D:11)
  4 spriggans
  13 culicivoras
  5 wraiths (Lair:3)
  A wyvern (Lair:5)
  26 yaks
  4 hogs (Spider:3)
  2 humans (Spider:3)
  2 vampire mosquitoes (Swamp:3)
  2 steam dragons (Lair:5)
  34 redbacks
  6 basilisks
  14 swamp worms
  A warg (D:9)
  An acid dragon (Lair:5)
  Edmund (D:4)
  10 water moccasins
  6 swamp drakes
  An ice beast (D:7)
  8 orc warriors
  Pargi (Sewer)
  7 black bears
  2 ogres
  A sky beast (D:7)
  17 wolves
  3 centaurs
  A phantom (D:5)
  10 kobold brigands
  11 bullfrogs
  3 scorpions
  14 wights
  13 killer bees
  7 howler monkeys
  5 orc priests
  6 hounds
  2 jellies
  6 hell rats (Lair:2)
  A sleepcap (D:5)
  5 iguanas
  12 orc wizards
  9 adders
  2 shadow imps
  A white imp (D:6)
  An ufetubus (D:4)
  4 worms
  6 dart slugs
  31 orcs
  5 bats
  8 endoplasms
  4 giant cockroaches
  11 goblins
  10 hobgoblins
  9 jackals
  3 quokkas
  8 ball pythons
  5 frilled lizards
  25 kobolds
  6 rats
704 creatures vanquished.

Vanquished Creatures (others)
  An alligator (Swamp:3)
  A bloated husk (Swamp:1)
  11 foxfires
  15 fungi
  80 plants
108 creatures vanquished.

Grand Total: 812 creatures vanquished

Notes
Turn   | Place    | Note
-------+----------+-------------------------------------------
     0 | D:1      | browni3141 the Meteoran Hexslinger began the quest for the
                  | Orb.
     0 | D:1      | Reached XP level 1. HP: 16/16 MP: 3/3
    34 | D:1      | Reached XP level 2. HP: 20/23 MP: 5/5
    74 | D:1      | Reached skill level 3 in Ranged Weapons
   144 | D:1      | Reached XP level 3. HP: 28/28 MP: 6/6
   171 | D:1      | Learned a level 3 spell: Portal Projectile
   484 | D:1      | Glimpsed the power of Zot.
   587 | D:2      | Found a faded altar of an unknown god.
   705 | D:2      | Reached XP level 4. HP: 31/35 MP: 7/7
   926 | D:2      | Reached skill level 4 in Ranged Weapons
  1027 | D:2      | Found an iron altar of Okawaru.
  1066 | D:2      | Glimpsed the power of Zot.
  1116 | D:2      | Glimpsed the power of Zot.
  1164 | D:3      | Found a glowing golden altar of the Shining One.
  1217 | D:3      | Found a glowing drain.
  1231 | Sewer    | Entered a sewer
  1285 | Sewer    | Noticed Pargi
  1316 | Sewer    | Killed Pargi
  1317 | Sewer    | Reached skill level 5 in Ranged Weapons
  1317 | Sewer    | Reached skill level 3 in Translocations
  1317 | Sewer    | Reached XP level 5. HP: 19/40 MP: 8/8
  1317 | Sewer    | Reached XP level 6. HP: 23/47 MP: 9/9
  1552 | D:3      | Learned a level 3 spell: Inner Flame
  1886 | D:3      | Glimpsed the power of Zot.
  1942 | D:4      | Reached skill level 6 in Ranged Weapons
  1947 | D:4      | Reached XP level 7. HP: 29/55 MP: 10/10
  2028 | D:5      | Entered Level 5 of the Dungeon
  2038 | D:5      | Reached skill level 3 in Fighting
  2069 | D:5      | Found Tias's Assorted Antiques.
  2078 | D:5      | Bought an emerald potion for 23 gold pieces
  2078 | D:5      | Bought a scroll labelled EGEMEASECAO for 26 gold pieces
  2078 | D:5      | Bought a small copper amulet for 130 gold pieces
  2078 | D:5      | Bought a scroll labelled RARAOC FUEGA for 26 gold pieces
  2188 | D:4      | Noticed Edmund
  2338 | D:5      | Reached skill level 3 in Dodging
  2369 | D:5      | Reached XP level 8. HP: 44/63 MP: 9/12
  2417 | D:5      | Found a runed translucent door.
  2418 | D:5      | Noticed Crazy Yiuf
  2586 | D:4      | Reached skill level 3 in Spellcasting
  2697 | D:4      | Killed Edmund
  2816 | D:4      | Noticed Grinder
  2827 | D:4      | Killed Grinder
  2828 | D:4      | Reached skill level 7 in Ranged Weapons
  2828 | D:4      | Gained mutation: You passively map the area around you.
                  | [Meteoran growth]
  2828 | D:4      | Reached XP level 9. HP: 58/69 MP: 12/14
  2833 | D:4      | Learned a level 4 spell: Cause Fear
  2881 | D:4      | Reached skill level 6 in Hexes
  2913 | D:5      | Found Tusail's Assorted Antiques.
  2916 | D:5      | Found Xiulil's Antique Weapon Emporium.
  2919 | D:5      | Bought a black potion for 18 gold pieces
  2988 | D:5      | Found Giutei's Magic Scroll Shoppe.
  2994 | D:5      | Bought a scroll of identify for 22 gold pieces
  2994 | D:5      | Bought a scroll of identify for 22 gold pieces
  3041 | D:5      | Found Gaf Siot's Antique Armour Boutique.
  3049 | D:5      | Glimpsed the power of Zot.
  3169 | D:6      | You are sucked into a shaft and drop 3 floors!
  3366 | D:7      | Learned a level 1 spell: Apportation
  3374 | D:7      | Found a basalt altar of Yredelemnul.
  3470 | D:7      | Reached skill level 3 in Evocations
  3529 | D:7      | Found a flagged portal.
  3549 | Bailey   | Entered a bailey
  3582 | Bailey   | Reached skill level 8 in Ranged Weapons
  3692 | Bailey   | Reached XP level 10. HP: 68/77 MP: 8/15
  3700 | Bailey   | Reached skill level 3 in Fire Magic
  3866 | Bailey   | Found a burning altar of Makhleb.
  4042 | D:6      | Reached skill level 9 in Ranged Weapons
  4175 | D:6      | Found a stormy altar of Qazlal.
  4475 | D:6      | Reached skill level 10 in Ranged Weapons
  4580 | D:6      | Found a staircase to the Ecumenical Temple.
  4591 | Temple   | Entered the Ecumenical Temple
  4684 | Temple   | Became a worshipper of Warmaster Okawaru
  4799 | D:5      | Bought a scroll of immolation for 44 gold pieces
  4799 | D:5      | Bought a scroll of fear for 44 gold pieces
  4799 | D:5      | Bought a scroll of teleportation for 33 gold pieces
  4799 | D:5      | Bought a scroll of amnesia for 44 gold pieces
  4799 | D:5      | Bought a scroll of noise for 11 gold pieces
  4799 | D:5      | Bought 3 scrolls of blinking for 247 gold pieces
  4867 | D:5      | Bought a scroll labelled VECZAJOSTRE for 26 gold pieces
  4867 | D:5      | Bought a scroll labelled ZOOTHE DOFETAK for 26 gold pieces
  5128 | D:8      | Noticed Gastronok
  5305 | D:8      | Reached skill level 11 in Ranged Weapons
  5457 | D:9      | Reached * piety under Okawaru
  5471 | D:9      | Reached XP level 11. HP: 22/86 MP: 1/16
  5482 | D:9      | Found a staircase to the Orcish Mines.
  5634 | D:9      | Noticed Maurice
  5642 | D:9      | Killed Maurice
  5642 | D:9      | Reached ** piety under Okawaru
  5643 | D:9      | Reached skill level 6 in Dodging
  5712 | D:9      | Reached skill level 9 in Hexes
  5712 | D:9      | Reached skill level 3 in Invocations
  5880 | D:9      | Glimpsed the power of Zot.
  5890 | D:10     | Entered Level 10 of the Dungeon
  6118 | D:10     | Found a shimmering altar of Xom.
  6150 | D:10     | Reached skill level 12 in Ranged Weapons
  6158 | D:10     | Reached *** piety under Okawaru
  6198 | D:10     | Noticed a manticore
  6204 | D:10     | Killed a manticore
  6307 | D:10     | Noticed a two-headed ogre
  6319 | D:10     | Killed a two-headed ogre
  6320 | D:10     | Reached skill level 6 in Fighting
  6419 | D:10     | Found a runed translucent gate.
  6419 | D:10     | Found a runed translucent gate.
  6419 | D:10     | Found a runed translucent gate.
  6422 | D:10     | Noticed pdpol's ghost (journeyman MiFi)
  6573 | D:11     | Noticed a cyclops
  6582 | D:11     | Reached XP level 12. HP: 48/96 MP: 5/17
  6585 | D:11     | Reached **** piety under Okawaru
  6616 | D:11     | Identified the +0 dagger of Rozuinif {heavy, rF+ rCorr}
  6638 | D:11     | Noticed a boulder beetle
  6736 | D:11     | Killed a boulder beetle
  6737 | D:11     | Reached skill level 6 in Invocations
  6755 | D:11     | Reached ***** piety under Okawaru
  6793 | D:11     | Found a staircase to the Lair.
  7176 | Lair:1   | Entered Level 1 of the Lair of Beasts
  7176 | Lair:1   | Noticed Prince Ribbit
  7298 | Lair:1   | Found a runed translucent gate.
  7300 | Lair:1   | Found a runed translucent gate.
  7300 | Lair:1   | Found a runed translucent gate.
  7320 | Lair:1   | Reached skill level 13 in Ranged Weapons
  7322 | Lair:1   | Noticed a minotaur
  7323 | Lair:1   | Noticed Zusoliwk's ghost (journeyman CeHu)
  7336 | Lair:1   | Reached skill level 9 in Dodging
  7492 | Lair:1   | Killed Prince Ribbit
  7496 | Lair:1   | Received a gift from Okawaru
  7604 | Lair:1   | Reached XP level 13. HP: 69/105 MP: 20/20
  7759 | Lair:2   | Noticed a four-headed hydra
  7767 | Lair:2   | Killed a four-headed hydra
  7953 | Lair:3   | Noticed Nergalle
  7963 | Lair:3   | Killed Nergalle
  7999 | Lair:3   | Reached skill level 14 in Ranged Weapons
  8196 | Lair:3   | Received a gift from Okawaru
  8436 | Lair:2   | Noticed a four-headed hydra
  8449 | Lair:2   | Killed a four-headed hydra
  8450 | Lair:2   | Reached skill level 9 in Fighting
  8450 | Lair:2   | Reached skill level 15 in Ranged Weapons
  8471 | Lair:2   | Noticed a six-headed hydra
  8476 | Lair:2   | Killed a six-headed hydra
  8601 | Lair:3   | Noticed a boulder beetle
  8618 | Lair:3   | Killed a boulder beetle
  8636 | Lair:3   | Found a hole to the Spider Nest.
  8756 | Lair:3   | Noticed Josephine
  8760 | Lair:3   | Reached ****** piety under Okawaru
  8761 | Lair:3   | Killed Josephine
  8762 | Lair:3   | Reached XP level 14. HP: 88/119 MP: 8/21
  8792 | Lair:4   | Learned a level 3 spell: Teleport Other
  8797 | Lair:4   | Learned a level 4 spell: Passage of Golubria
  8848 | Lair:4   | HP: 3/119 [death yak (24)]
  8855 | Lair:4   | Reached skill level 16 in Ranged Weapons
  8873 | Lair:4   | Found a staircase to the Slime Pits.
  8874 | Lair:4   | Found a viscous altar of Jiyva.
  8928 | Lair:4   | Reached skill level 6 in Translocations
  8938 | Lair:4   | HP: 4/121 [spore (60)]
  8938 | Lair:4   | Received a gift from Okawaru
  8939 | Lair:4   | Found the +5 scythe "Finisher" {speed, execute}
  9020 | Lair:4   | Reached skill level 9 in Translocations
  9276 | Lair:4   | Identified the +9 triple crossbow of Extermination {drain,
                  | *Corrode rElec Will+ SInv} (Okawaru gifted it to you on
                  | level 4 of the Lair of Beasts)
  9276 | Lair:4   | Received a gift from Okawaru
  9351 | Lair:5   | Entered Level 5 of the Lair of Beasts
  9366 | Lair:5   | Reached skill level 9 in Invocations
  9465 | Lair:5   | Reached XP level 15. HP: 104/126 MP: 20/23
  9487 | Lair:5   | Received a gift from Okawaru
  9519 | Lair:5   | Reached skill level 6 in Spellcasting
  9676 | Lair:5   | Reached skill level 12 in Translocations
  9707 | Lair:5   | Reached skill level 3 in Armour
  9742 | Lair:5   | Identified 3 scrolls of acquirement
  9930 | Spider:1 | Entered Level 1 of the Spider Nest
  9949 | Spider:1 | Learned a level 6 spell: Dispersal
  9952 | Spider:1 | Learned a level 2 spell: Blink
  9981 | Spider:1 | Learned a level 2 spell: Passwall
 10036 | Spider:1 | Identified the -1 pair of gloves of Pill {rPois}
 10451 | Spider:2 | Reached skill level 3 in Earth Magic
 10451 | Spider:2 | Reached XP level 16. HP: 108/134 MP: 29/29
 10461 | Spider:2 | Acquired 606 gold pieces
 10463 | Spider:2 | Acquired 1177 gold pieces
 10465 | Spider:2 | Acquired 472 gold pieces
 10497 | Spider:2 | Found a transporter.
 10497 | Spider:2 | Noticed Unned's ghost (journeyman GrFi)
 10502 | Spider:2 | Found a transporter.
 10540 | Spider:2 | Received a gift from Okawaru
 10885 | Spider:3 | Noticed Arachne
 10918 | Spider:3 | Killed Arachne
 11044 | Spider:3 | Noticed Mara
 11056 | Spider:3 | Killed Mara
 11056 | Spider:3 | Received a gift from Okawaru
 11057 | Spider:3 | Reached skill level 3 in Transmutations
 11066 | Spider:4 | Entered Level 4 of the Spider Nest
 11086 | Spider:4 | Noticed a ghost moth
 11094 | Spider:4 | Killed a ghost moth
 11392 | Spider:4 | Noticed an emperor scorpion
 11410 | Spider:4 | Noticed Agnes
 11410 | Spider:4 | Noticed a ghost moth
 11438 | Spider:4 | Killed an emperor scorpion
 11438 | Spider:4 | Killed a ghost moth
 11439 | Spider:4 | Reached skill level 15 in Translocations
 11439 | Spider:4 | Reached XP level 17. HP: 42/144 MP: 2/30
 11561 | Spider:3 | Noticed Kirke
 11565 | Spider:3 | Killed Kirke
 11607 | Spider:3 | Noticed Donald
 11621 | Spider:3 | Killed Donald
 11621 | Spider:3 | Identified the +0 steam dragon scales of Brilliance {Regen+
                  | Str+5} (Okawaru gifted it to you on level 3 of the Spider
                  | Nest)
 11621 | Spider:3 | Received a gift from Okawaru
 11622 | Spider:3 | Reached skill level 17 in Ranged Weapons
 11673 | Spider:3 | Reached skill level 12 in Dodging
 11891 | Spider:4 | Killed Agnes
 11892 | Spider:4 | Reached skill level 12 in Fighting
 12017 | Spider:4 | Got a gossamer rune of Zot
 12022 | Spider:4 | Glimpsed the power of Zot.
 12070 | Spider:3 | Glimpsed the power of Zot.
 12109 | Spider:1 | Glimpsed the power of Zot.
 12262 | Lair:2   | Found a staircase to the Swamp.
 12273 | Swamp:1  | Entered Level 1 of the Swamp
 12354 | Swamp:3  | Noticed a tentacled monstrosity
 12363 | Swamp:2  | Killed a tentacled monstrosity
 12589 | Swamp:1  | Gained mutation: You passively map a large area around you.
                  | [Meteoran growth]
 12589 | Swamp:1  | Reached XP level 18. HP: 67/154 MP: 26/31
 12634 | Swamp:1  | Reached skill level 18 in Ranged Weapons
 12713 | Swamp:1  | Identified Roxanne's Enchiridion on Spelunking
 12713 | Swamp:1  | Noticed Roxanne
 12722 | Swamp:1  | Killed Roxanne
 12848 | Swamp:2  | Got the Spellbook of the Tempest
 13005 | Swamp:3  | Received a gift from Okawaru
 13128 | Swamp:4  | Entered Level 4 of the Swamp
 13208 | Swamp:4  | Killed from afar by a will-o-the-wisp

Illustrated notes

Levels and vault maps discovered:
D:1:      mrwooster_arrival_statue, layout_loops_ring
D:2:      layout_loops_corners, basic_altar,
          hellmonk_ecumenical_altar_pennies_from_heaven
D:3:      layout_loops_ring, mainiacjoe_overflow_alcove_2,
          cheibrodos_sewer_entry_drain
D:4:      layout_gridville, serial_bayou, serial_bayou_pond_b,
          serial_bayou_pond_b, serial_bayou_crossing, serial_bayou_pond_d,
          serial_bayou_lake_a, chequers_serial_rivers_micro_e,
          nicolae_figureground_sparkle, uniq_edmund, uniq_grinder
D:5:      layout_loops_corners, serial_shops, shop, nicolae_lakefront_shop,
          shop, nicolae_shop_rolling_square, nicolae_shop_tiny_real_fake_doors,
          uniq_crazy_yiuf_cottage
D:6:      layout_layer_cave, general_overflow_altar, temple_statues
D:7:      layout_loops_ring, mainiacjoe_overflow_cross_hatched, enter_bailey_3
D:8:      layout_basic, uniq_gastronok
D:9:      layout_basic, erik_orc_4, uniq_maurice
D:10:     layout_long_grid, mainiacjoe_overflow_alcove_4,
          amethyst_overflow_temple_binary, ebering_ghost_rock_garden
D:11:     layout_basic, dpeg_oklobed_lair
D:12:     layout_cave_pools
Temple:   eino_temple_rhombus
Lair:1:   layout_hall_layers, maelrawn_ghost_gauntlet_escape,
          beast_lair_carwin_9, uniq_prince_ribbit2, uniq_joseph
Lair:2:   wad_woods_structure_01, layout_long_grid, palyth_hydra_swamp_entry,
          cheibrodos_lair_caveside_slide, beast_lair_carwin_5
Lair:3:   layout_regular_city, nicolae_spider_entry_orb_guardian,
          grunt_forest_stairs_clearing, grunt_megastairs_1, uniq_josephine,
          uniq_nergalle
Lair:4:   beast_lair_carwin_large_1, layout_long_grid, slime_entry_1,
          serial_forest, infiniplex_forest_lined_1,
          infiniplex_forest_straight_2, infiniplex_forest_end_3,
          infiniplex_forest_split, infiniplex_forest_end_2,
          infiniplex_forest_clump_tiny, infiniplex_forest_lined_room_2,
          infiniplex_forest_join, hangedman_lair_generics_rect
Lair:5:   hangedman_lair_in_review, layout_regular_city,
          guppyfry_lair_end_dragon
Swamp:1:  layout_falls_marsh, infiniplex_staircase_pool_2, swamp_pool3,
          st_swamp_ruins_2, uniq_roxanne
Swamp:2:  layout_falls_marsh, nicolae_swamp_round_clearing, swamp_pool3,
          infiniplex_staircase_pool
Swamp:3:  layout_falls_marsh, evilmike_swamp_ruin_rubble_1
Swamp:4:  swamp_basic_johnstein, layout_basic_swamp
Spider:1: layout_spider_delve, hangedman_spider_tarantella_strand
Spider:2: layout_spider_delve, gammafunk_ghost_mausoleum, drop_trap
Spider:3: layout_chambers, uniq_mara, uniq_donald, uniq_kirke, uniq_arachne
Spider:4: grunt_spider_rune_parallel, uniq_agnes

Skill      XL: |  1  2  3  4  5  6  7  8  9 10 11 12 13 14 15 16 17 18 |
---------------+-------------------------------------------------------+-----
Ranged Weapons | 3 5 6 7 8 11 12 13 15 16 17 18 | 18.5
Translocations | 1 3 4 10 13 15 16 | 16.0
Throwing       | 2 |  2.0
Fighting       | 2 3 5 6 7 9 10 11 12 | 12.0
Armour         | 1 2 5 |  5.0
Spellcasting   | 2 3 5 8 |  8.0
Dodging        | 3 5 7 9 10 11 13 14 | 14.5
Hexes          | 4 5 7 8 9 10 | 10.0
Evocations     | 5 |  5.0
Fire Magic     | 2 3 |  3.0
Invocations    | 5 8 9 10 11 | 11.6
Earth Magic    | 3 |  3.0
Transmutations | 3 |  3.0

Action                     |  1- 3 |  4- 6 |  7- 9 | 10-12 | 13-15 | 16-18 || total
---------------------------+-------+-------+-------+-------+-------+-------++-------
   Fire: Sling             |   101 |   153 |   313 |    21 |       |       ||   588
         Shortbow          |       |       |       |   601 |   457 |       ||  1058
         Longbow           |       |       |       |     7 |       |       ||     7
         Triple crossbow   |       |       |       |       |   230 |   642 ||   872
  Throw: Dart              |       |     3 |     5 |     9 |     9 |       ||    26
   Cast: Slow              |     4 |     9 |    18 |     5 |       |       ||    36
         Inner Flame       |       |       |     4 |    30 |    11 |     5 ||    50
         Cause Fear        |       |       |       |    19 |     8 |     9 ||    36
         Portal Projectile |       |       |       |     7 |     4 |     1 ||    12
         Passage of Golubr |       |       |       |       |    18 |    20 ||    38
         Blink             |       |       |       |       |     6 |    16 ||    22
         Passwall          |       |       |       |       |     4 |       ||     4
         Dispersal         |       |       |       |       |       |    14 ||    14
         Apportation       |       |       |       |       |       |    16 ||    16
 Invoke: Heroism           |       |       |       |     4 |     5 |    10 ||    19
         Finesse           |       |       |       |       |       |     2 ||     2
  Evoke: Wand              |       |       |     3 |     9 |     6 |     8 ||    26
    Use: Scroll            |       |     8 |     5 |     8 |     7 |    12 ||    40
         Potion            |       |     1 |       |     3 |     3 |     3 ||    10
 Armour: Robe              |     9 |       |       |       |       |       ||     9
         Leather armour    |     2 |    24 |    87 |   101 |    87 |    49 ||   350
         Steam dragon scal |       |       |       |       |       |    37 ||    37
  Dodge: Dodged            |    26 |    52 |   154 |   299 |   390 |   649 ||  1570
